 Dungeon Crawl Stone Soup version 0.30-b1-2-g02819fbbbe (webtiles) character file.

Game seed: 71724547466370776

3103 klunsenfr the Severer (level 9, 51/70 HPs)
             Began as a Hill Orc Fighter on Dec 15, 2023.
             Was an Initiate of Wu Jian.
             Quit the game on level 7 of the Dungeon.
             The game lasted 00:34:41 (8838 turns).

klunsenfr the Severer (Hill Orc Fighter)            Turns: 8838, Time: 00:34:41

Health: 51/70      AC: 16    Str: 23    XL:     9   Next: 90%
Magic:  9/9        EV:  4    Int: 14    God:    Wu Jian [......]
Gold:   382        SH: 14    Dex: 10    Spells: 8/8 levels left

rFire   . . .        a - +1 war axe
rCold   . . .        u - +0 tower shield
rNeg    . . .        y - +0 plate armour
rPois   .            l - +2 hat
rElec   .            (no cloak)
rCorr   .            t - +0 pair of gloves
SInv    .            (no boots)
Will    +....        (no amulet) Stlth
                     g - ring of willpower
HPRegen 0.31/turn    s - +6 ring of intelligence
MPRegen 0.11/turn

%: no passive effects
@: studying Axes
A: no striking features
a: Renounce Religion


You were on level 7 of the Dungeon.
You worshipped Wu Jian.
Wu Jian was noncommittal.
You visited 2 branches of the dungeon, and saw 8 of its levels.

You collected 382 gold pieces.

Inventory:

Hand Weapons
 a - a +1 war axe (weapon)
Missiles
 m - 8 poisoned darts (quivered)
Armour
 c - a +1 buckler
 l - a +2 hat (worn)
 t - a +0 pair of gloves (worn)
 u - a +0 tower shield (worn)
 y - a +0 plate armour (worn)
Jewellery
 g - a ring of willpower (left hand)
 s - a +6 ring of intelligence (right hand)
Wands
 b - a wand of mindburst (23)
 q - a wand of flame (40)
 r - a wand of paralysis (6)
Scrolls
 d - a scroll of fog
 e - 3 scrolls of identify
 f - 2 scrolls of enchant armour
 j - a scroll of amnesia
 p - 3 scrolls of teleportation
Potions
 h - a potion of mutation
 i - 2 potions of attraction
 k - a potion of haste
 n - 6 potions of heal wounds
 v - a potion of curing
 w - a potion of resistance
 x - a potion of might
 z - a potion of lignification {unknown}


   Skills:
 - Level 3.6 Fighting
 - Level 16.0 Axes
 + Level 7.8 Armour
 + Level 7.8 Shields


You had 8 spell levels left.
You didn't know any spells.
Your spell library contained the following spells:

 Spells                   Type           Power      Damage    Failure   Level
 Apportation              Tloc           0%         N/A       100%        1
 Necrotise                Necr           0%         1d4       100%        1
 Summon Small Mammal      Summ           0%         N/A       100%        1
 Gell's Gravitas          Tloc           0%         N/A       100%        3
 Portal Projectile        Hex/Tloc       0%         N/A       100%        3
 Summon Guardian Golem    Hex/Summ       0%         N/A       100%        3
 Teleport Other           Tloc           0%         N/A       100%        3
 Tukima's Dance           Hex            0%         N/A       100%        3
 Cause Fear               Hex            0%         N/A       100%        4
 Blade Hands              Tmut           0%         N/A       100%        5
 Dispersal                Tloc           0%         N/A       100%        6
 Dragon Form              Tmut           0%         N/A       100%        7
 Orb of Destruction       Conj           0%         9d5       100%        7
 Spellforged Servitor     Conj/Summ      0%         N/A       100%        7
 Dragon's Call            Summ           0%         N/A       100%        9


Dungeon Overview and Level Annotations

Branches:
Dungeon (7/15)             Temple (1/1) D:5

Altars:
Ashenzari
Cheibriados
Dithmenos
Elyvilon
Fedhas
Gozag
Hepliaklqana
Kikubaaqudgha
Makhleb
Nemelex Xobeh
Okawaru
Qazlal
Ru
Sif Muna
Trog
Uskayaw
Vehumet
Wu Jian
Yredelemnul
Zin
The Shining One

Shops:
D:7 (

Annotations:
D:4 2 transporters, noone's ghost, novice OpEE


Message History

You hit the sleepcap.
The sleepcap is severely damaged.
The sleepcap releases spores at you but does no damage.
You slash the sleepcap!
You destroy the sleepcap!
The Council accepts your kill.
You hit the orc wizard but do no damage.
You block the orc wizard's attack.
You hit the orc wizard but do no damage.
You block the orc wizard's attack.
You barely miss the orc wizard. You closely miss the orc wizard.
The orc wizard gestures at you while chanting.
The magic dart hits you but does no damage.
You hit the orc wizard.
The orc wizard is lightly wounded.
The orc wizard casts a spell.
The orc wizard flickers and vanishes!
Deactivating autopickup; reactivate with Ctrl-A.
You miss something.
You hear some strange, mumbled words.
A magic dart appears from out of thin air!
The magic dart hits you but does no damage.
You miss something. Something hits you but does no damage.
You hit something. You block something's attack.
You slash something! The Council accepts your kill.
Reactivating autopickup.
You feel a bit more experienced.
You slash the orc!
You kill the orc!
The Council accepts your kill.
You hit the orc.
The orc is heavily wounded.
You block the orc's attack.
You slash the orc!
You kill the orc!
The Council accepts your kill.
Items here: ))) [[.
Are you sure you want to abandon this character and quit the game? (Confirm with "yes".)

..# ##..## ##.##
..# ##..# #..#
..####...## ##..##
#..##.....###.##.#
##....###.).#.####
##.....###....#
........o.....#
.........of...####
.......#######.#@#
.......#### ##.)##
#.........###.#..#
##...........##.#.#
#.........####.###
##..##.....# ###
#..####....##
#..###..##..##
....#..####..#####


There were no monsters in sight!

Vanquished Creatures
  A two-headed ogre (D:6)
  A wyvern (D:4)
  3 water moccasins
  Duvessa (D:4)
  An orc warrior (D:4)
  A black bear (D:6)
  An ogre (D:6)
  3 centaurs
  3 scorpions
  A bullfrog (D:7)
  5 wights (D:6)
  Dowan (D:4)
  A howler monkey (D:6)
  6 hounds
  5 orc priests
  A jelly (D:5)
  4 orc wizards
  Terence (D:2)
  3 sleepcaps
  3 iguanas
  Robin (D:4)
  6 adders
  A shadow imp (D:6)
  A white imp (D:7)
  2 worms
  A dart slug (D:2)
  32 orcs
  A ball python (D:1)
  4 endoplasms
  5 giant cockroaches
  13 goblins (D:4)
  4 hobgoblins
  2 jackals (D:1)
  7 quokkas
  4 bats
  12 frilled lizards
  6 kobolds
  3 rats (D:1)
151 creatures vanquished.

Vanquished Creatures (others)
  A bush (D:5)
  8 plants (D:2)
9 creatures vanquished.

Grand Total: 160 creatures vanquished

Notes
Turn   | Place    | Note
-------+----------+-------------------------------------------
     0 | D:1      | klunsenfr the Hill Orc Fighter began the quest for the Orb.
     0 | D:1      | Reached XP level 1. HP: 19/19 MP: 1/1
   182 | D:1      | Reached skill level 3 in Axes
   381 | D:1      | Reached XP level 2. HP: 26/26 MP: 2/2
   582 | D:1      | Reached skill level 4 in Axes
  1175 | D:2      | Reached XP level 3. HP: 31/31 MP: 3/3
  1454 | D:2      | Noticed Terence
  1463 | D:2      | Killed Terence
  1464 | D:2      | Reached skill level 5 in Axes
  1464 | D:2      | Reached XP level 4. HP: 39/39 MP: 4/4
  2094 | D:3      | Reached skill level 6 in Axes
  2273 | D:3      | Found a sparkling altar of Nemelex Xobeh.
  2488 | D:3      | Reached XP level 5. HP: 42/45 MP: 5/5
  2520 | D:3      | Found a white marble altar of Elyvilon.
  2520 | D:3      | Found a glowing golden altar of the Shining One.
  2521 | D:3      | Found a glowing silver altar of Zin.
  2597 | D:4      | Noticed Robin
  2604 | D:4      | Killed Robin
  2618 | D:4      | Reached skill level 7 in Axes
  2768 | D:4      | Found a transporter.
  2773 | D:4      | Noticed noone's ghost (novice OpEE)
  2814 | D:4      | Noticed a wyvern
  2826 | D:4      | Killed a wyvern
  2827 | D:4      | Reached skill level 8 in Axes
  2827 | D:4      | Reached XP level 6. HP: 22/51 MP: 6/6
  2947 | D:4      | Reached skill level 9 in Axes
  3064 | D:4      | Reached skill level 10 in Axes
  3064 | D:4      | Reached XP level 7. HP: 46/57 MP: 7/7
  3108 | D:4      | Noticed Duvessa
  3108 | D:4      | Noticed Dowan
  4554 | D:4      | Killed Duvessa
  4555 | D:4      | Reached skill level 11 in Axes
  4980 | D:4      | Killed Dowan
  5141 | D:4      | Found a transporter.
  5153 | D:4      | You fall into a shaft and drop 3 floors!
  5193 | D:7      | Reached skill level 12 in Axes
  5235 | D:5      | Entered Level 5 of the Dungeon
  5593 | D:4      | Reached skill level 13 in Axes
  5794 | D:5      | Found a staircase to the Ecumenical Temple.
  5816 | Temple   | Entered the Ecumenical Temple
  5994 | Temple   | Became a worshipper of the Wu Jian Council
  6026 | D:5      | Reached skill level 14 in Axes
  6026 | D:5      | Reached XP level 8. HP: 56/64 MP: 8/8
  6167 | D:4      | Reached skill level 15 in Axes
  6666 | D:5      | Reached skill level 16 in Axes
  6684 | D:5      | Found an iron altar of Okawaru.
  6811 | D:5      | Found an opulent altar of Gozag.
  7124 | D:6      | Reached XP level 9. HP: 70/70 MP: 9/9
  7151 | D:6      | Reached skill level 5 in Armour
  7151 | D:6      | Reached skill level 5 in Shields
  7617 | D:6      | Noticed a two-headed ogre
  8049 | D:6      | Killed a two-headed ogre
  8130 | D:7      | Found Voneir's Antique Weapon Shoppe.
  8206 | D:7      | Found a sacrificial altar of Ru.
  8838 | D:7      | Quit the game

Illustrated notes

Levels and vault maps discovered:
D:1:      lemuel_arrival_tunnels, layout_loops_corners
D:2:      layout_basic, minmay_lizard_king, uniq_terence
D:3:      layout_basic, good_gods_mini_temple, nemelex_dance_club_becter
D:4:      layout_gridville, gammafunk_ghost_arena, uniq_duvessa, uniq_robin
D:5:      layout_rooms, mainiacjoe_overflow_two_lobes,
          minmay_temple_entry_junction_2, grunt_decor_cap,
          kb_lookout_dungeons_type
D:6:      layout_basic
D:7:      layout_layer_cave, nicolae_ru_path_of_blood, serial_shops,
          nicolae_stop_n_shop_2
Temple:   eino_temple_water

Skill      XL: |  1  2  3  4  5  6  7  8  9 |
---------------+----------------------------+-----
Axes           | 3 4 5 6 8 10 14 16 | 16.0
Armour         | 4 7 |  7.8
Shields        | 4 7 |  7.8
Fighting       | |  3.6

Action                     |  1- 3 |  4- 6 |  7- 9 || total
---------------------------+-------+-------+-------++-------
  Melee: War axe           |    64 |   166 |   287 ||   517
  Throw: Dart              |     7 |     8 |    17 ||    32
Ability: Lunge             |       |       |     9 ||     9
  Evoke: Wand              |       |       |     9 ||     9
    Use: Scroll            |       |    10 |     8 ||    18
         Potion            |       |     1 |     2 ||     3
   Stab: Paralysed         |       |       |     1 ||     1
 Armour: Scale mail        |    36 |    65 |    41 ||   142
         Plate armour      |       |       |    68 ||    68
  Dodge: Dodged            |    34 |    63 |    68 ||   165
  Block: Buckler           |    17 |    42 |    41 ||   100
         Tower shield      |       |       |    25 ||    25
